 Dungeon Crawl Stone Soup version 0.27.1-33-g824d729ab1 (webtiles) character file.

Game seed: 279250509059770942

107 alasdair19 the Covered (level 4, 0/41 HPs)
             Began as a Minotaur Fighter on Dec 11, 2021.
             Splashed by a jelly's acid (2 damage)
             ... on level 3 of the Dungeon.
             The game lasted 00:03:22 (2330 turns).

alasdair19 the Covered (Minotaur Fighter)           Turns: 2330, Time: 00:03:23

Health: 0/41       AC:  9    Str: 20    XL:     4   Next: 57%
Magic:  3/3        EV:  4    Int:  6    God:
Gold:   82         SH:  9    Dex: 10    Spells: 3/3 levels left

rFire    . . .     SeeInvis .   a - +0 long sword
rCold    . . .     Faith    .   c - +0 kite shield
rNeg     . . .     Spirit   .   m - +0 plate armour
rPois    .         Reflect  .   (helmet restricted)
rElec    .         Harm     .   n - +0 cloak
rCorr    .         Rampage  .   (no gloves)
Will     .....                  (no boots)
Stlth    ..........             (no amulet)
HPRegen  0.13/turn              (no ring)
MPRegen  0.08/turn              (no ring)

@: corroded
A: horns 2, retaliatory headbutt
a: no special abilities


You were on level 3 of the Dungeon.
You visited 1 branch of the dungeon, and saw 3 of its levels.

You collected 82 gold pieces.

Inventory:

Hand Weapons
 a - a +0 long sword (weapon)
Missiles
 j - 14 poisoned darts (quivered)
Armour
 b - a +0 scale mail
 c - a +0 kite shield (worn)
 m - a +0 plate armour (worn)
 n - a +0 cloak (worn)
Wands
 o - a wand of flame (18)
Scrolls
 e - a scroll of amnesia {unknown}
 f - a scroll of identify {unknown}
 h - 2 scrolls of teleportation {unknown}
 k - a scroll of enchant weapon {unknown}
 p - a scroll of noise {unknown}
Potions
 d - a potion of might
 g - a potion of lignification {unknown}
 i - a potion of curing {unknown}
 l - a potion of haste {unknown}


   Skills:
 + Level 4.4 Fighting
 + Level 3.3 Long Blades
 * Level 0.5 Throwing
 + Level 4.6 Armour
 - Level 0.3 Dodging
 + Level 4.4 Shields


You had 3 spell levels left.
You didn't know any spells.
Your spell library contained the following spells:

 Spells                   Type           Power      Damage    Failure   Level
 Animate Skeleton         Necr           0%         N/A       100%        1
 Apportation              Tloc           0%         N/A       100%        1
 Corona                   Hex            0%         N/A       100%        1
 Magic Dart               Conj           0%         1d3       100%        1
 Summon Small Mammal      Summ           0%         N/A       100%        1
 Passwall                 Tmut/Erth      0%         N/A       100%        2
 Searing Ray              Conj           0%         3d3       100%        2
 Swiftness                Air            0%         N/A       100%        3
 Fulminant Prism          Conj/Hex       0%         3d6       100%        4
 Invisibility             Hex            0%         N/A       100%        6


Dungeon Overview and Level Annotations

Branches:
Dungeon (3/15)

Altars:

Shops:
D:1 [


Innate Abilities, Weirdness & Mutations

You have a pair of horns on your head.
You reflexively headbutt those who attack you in melee.


Message History

A rat comes into view.
The rat completely misses you.
You hit the rat.
You kill the rat!
You see here a rat corpse.
h - 2 scrolls labelled ZEGUDW YDDAETE (gained 1)
You open the door.
There is an open door here.
A quokka comes into view.
You barely miss the quokka.
The quokka bites you but does no damage.
You block the quokka's attack.
You hit the quokka but do no damage. Your headbutt misses the quokka.
You block the quokka's attack.
You slash the quokka!
You kill the quokka!
You see here a quokka corpse.
Found a scroll labelled CAIMUE LIUH.
p - a scroll labelled CAIMUE LIUH A jelly comes into view.
The jelly jiggles.
The jelly hits you but does no damage.
You hit the jelly but do no damage.
Your hands burn!
You block the jelly's attack.
You hit the jelly. The acid corrodes you!
Your hands burn!
The jelly is moderately wounded.
The jelly hits you.
You are splashed with acid!
You hit the jelly but do no damage.
Your hands burn!
The jelly is moderately wounded.
You block the jelly's attack. The jelly hits you but does no damage.
You hit the jelly.
Your hands burn!
The jelly is severely wounded.
The jelly hits you.
You are splashed with acid!
* * * LOW HITPOINT WARNING * * *
You hit the jelly.
Your hands burn!
* * * LOW HITPOINT WARNING * * *
The jelly is severely wounded.
You block the jelly's attack. The jelly barely misses you.
You hit the jelly but do no damage.
Your hands burn!
You die...

#.. #.####### #.#...... ###
#.#.....# #.... #.#.....#
####....## #.#.....# #.@J......
###.#.....#####.######## .
.............##.# ##<## #.
.##.##....#.###.# #...# #.
............###.# #.8.# #.
†##.............# #...# #.
................# ##.## ..
######################.####### #.
..............##...##.(.##...###.


You could see a jelly.

Vanquished Creatures
  A gnoll (D:1)
  A howler monkey skeleton (D:3)
  2 adders (D:2)
  6 worms
  A dart slug (D:3)
  An orc (D:3)
  4 bats
  4 endoplasms
  2 giant cockroaches
  2 goblins
  2 hobgoblins
  6 jackals
  4 kobolds
  2 quokkas (D:3)
  4 ball pythons
  A frilled lizard (D:2)
  7 rats
50 creatures vanquished.

Notes
Turn   | Place    | Note
-------+----------+-------------------------------------------
     0 | D:1      | alasdair19 the Minotaur Fighter began the quest for the
                  | Orb.
     0 | D:1      | Reached XP level 1. HP: 19/19 MP: 0/0
    27 | D:1      | Reached XP level 2. HP: 18/27 MP: 1/1
    41 | D:1      | Found Yguk's Antique Armour Emporium.
   451 | D:1      | Found a faded altar of an unknown god.
   616 | D:2      | Reached XP level 3. HP: 29/33 MP: 2/2
  1274 | D:2      | Reached XP level 4. HP: 41/41 MP: 3/3
  2329 | D:3      | HP: 2/41 [acid (3)]
  2330 | D:3      | Splashed by a jelly's acid

Illustrated notes

Levels and vault maps discovered:
D:1:      mainiacjoe_arrival_reflecting_pool, layout_rooms,
          shapermc_ecumenical_altar_acropolis, serial_shops, shop
D:2:      layout_basic
D:3:      layout_basic, grunt_ministairs_5, minmay_misc_feat_pillars

Skill      XL: |  1  2  3  4 |
---------------+-------------+-----
Fighting       | 4 |  4.4
Shields        | 4 |  4.4
Armour         | 4 |  4.6
Long Blades    | 3 |  3.3
Throwing       | |  0.5
Dodging        | |  0.3

Action                   |  1- 3 |  4- 6 || total
-------------------------+-------+-------++-------
Melee: Long sword        |    68 |    49 ||   117
       Headbutt          |    11 |    10 ||    21
Armor: Scale mail        |    23 |     8 ||    31
       Plate armour      |       |    14 ||    14
Dodge: Dodged            |    18 |    13 ||    31
Block: Kite shield       |    33 |    17 ||    50
       Rpst.: Long sword |     5 |     3 ||     8
